 Dungeon Crawl Stone Soup version 0.31-a0-640-g39d97e502b (webtiles) character file.

Game seed: 10781615185733803910

71 qw the Shooter (level 4, -7/28 HPs)
             Began as a Gargoyle Hunter on Aug 27, 2023.
             Mangled by a gnoll
             ... wielding a +0 flail
              (9 damage)
             ... on level 2 of the Dungeon.
             The game lasted 00:00:28 (857 turns).

qw the Shooter (Gargoyle Hunter)                     Turns: 857, Time: 00:00:29

Health: -7/28      AC:  8    Str: 15    XL:     4   Next: 24%
Magic:  4/4        EV: 11    Int:  9    God:
Gold:   70         SH:  0    Dex: 15    Spells: 3/3 levels left

rFire   . . .        Y - +0 shortbow
rCold   . . .        (shield currently unavailable)
rNeg    + . .        h - +0 ring mail
rPois   inf          (no helmet)
rElec   +            (no cloak)
rCorr   .            (no gloves)
SInv    .            (no boots)
Will    .....        (no amulet)
Stlth   +            (no ring)
HPRegen 0.24/turn    (no ring)
MPRegen 0.09/turn

%: no passive effects
@: no status effects
A: sickness immunity, AC +3, negative energy resistance 1, electricity
resistance, torment resistance 1, petrification resistance
a: no special abilities


You were on level 2 of the Dungeon.
You visited 1 branch of the dungeon, and saw 2 of its levels.

You collected 70 gold pieces.


Innate Abilities, Weirdness & Mutations

You are immune to sickness and miasma.
Your stone body is resilient. (AC +3)
You are immune to poison.
You resist negative energy. (rN+)
You are resistant to electric shocks. (rElec)
You are resistant to unholy torment.
You are immune to petrification.


   Skills:
 - Level 3.0 Fighting
 + Level 5.1 Ranged Weapons
 - Level 1.0 Armour
 - Level 1.5 Dodging
 - Level 1.1 Stealth


You had 3 spell levels left.
You didn't know any spells.
Your spell library was empty.

Inventory:

Hand Weapons
 Y - a +0 shortbow (weapon)
Armour
 b - a +0 helmet
 h - a +0 ring mail (worn)
Jewellery
 d - a ring of protection from fire
 g - a ring of fire
Scrolls
 a - 2 scrolls of enchant armour
 c - a scroll of fear {unknown}
 e - a scroll of amnesia {unknown}
 f - 3 scrolls of identify
 j - 2 scrolls of noise {unknown}
Potions
 i - a potion of berserk rage {unknown}

Dungeon Overview and Level Annotations

Branches:
Dungeon (2/15)

Altars:


Message History

847 ||| Stepping ~*~*~tactically~*~*~ (retreating).
Enter note:
Enter note:
848 ||| Stepping ~*~*~tactically~*~*~ (retreating).
The gnoll closely misses you.
The gnoll hits you from afar with a +0 spear.
You shoot an arrow. The arrow closely misses the gnoll.
The arrow barely misses the gnoll.
The arrow hits the frilled lizard.
You kill the frilled lizard!
The gnoll hits you but does no damage.
The gnoll hits you from afar with a +0 spear.
You shoot an arrow. The arrow hits the gnoll!
The gnoll is severely wounded.
The gnoll closely misses you. The gnoll completely misses you.
You shoot an arrow.
The arrow hits the gnoll but does no damage.
The gnoll is heavily wounded.
The gnoll barely misses you. The gnoll hits you but does no damage.
You shoot an arrow. The arrow hits the gnoll!
You kill the gnoll!
The gnoll barely misses you.
You shoot an arrow. The arrow barely misses the gnoll.
The arrow hits the gnoll.
The gnoll is heavily wounded.
The gnoll barely misses you.
The gnoll hits you but does no damage. x2
The gnoll misses you.
You shoot an arrow.
The arrow hits the gnoll but does no damage.
The gnoll hits you from afar with a +0 spear.
You shoot an arrow.
The arrow hits the gnoll but does no damage.
The gnoll hits you with a +0 flail.
The gnoll hits you from afar with a +0 spear.
You shoot an arrow. The arrow hits the gnoll.
The gnoll is heavily wounded.
The gnoll misses you. The gnoll barely misses you.
You shoot an arrow. The arrow closely misses the gnoll.
The arrow barely misses the gnoll.
The gnoll hits you with a +0 flail. The gnoll closely misses you.
The gnoll hits you with a +0 flail!
You die...

#...... #......
###.....% #........ ###
#########.#...... #>.
.............###
#..####.######.###.# #
#....#.### #.# #.# #
#..#@....# #.# #.###
#.?g##.#.# #.# #..##
##gg...#.####.####..#
....%.#......%..........
......#####.#.#.######..
#...... ...#.#.# #.#
######' #####.#.# #.# ..
#.#.# #+# .. #.#.# ..


You could see 3 gnolls.

Vanquished Creatures
  Robin (D:2)
  An adder (D:2)
  A gnoll (D:2)
  A worm (D:2)
  2 endoplasms (D:1)
  A giant cockroach (D:2)
  9 goblins (D:2)
  10 hobgoblins
  A quokka (D:2)
  4 ball pythons
  A frilled lizard (D:2)
  A kobold (D:2)
  2 rats (D:1)
35 creatures vanquished.

Notes
Turn   | Place    | Note
-------+----------+-------------------------------------------
     0 | D:1      | qw the Gargoyle Hunter began the quest for the Orb.
     0 | D:1      | Reached XP level 1. HP: 12/12 MP: 1/1
     0 | D:1      | 0 ||| qw: Version: 0.3-a-74-g0d5e918
     0 | D:1      | 0 ||| qw: Game counter: 14
     0 | D:1      | 0 ||| qw: Melee chars always use a shield: true
     0 | D:1      | 0 ||| qw: God list: Okawaru
     0 | D:1      | 0 ||| qw: Allow faded altars: false
     0 | D:1      | 0 ||| qw: Do Orc after clearing Dungeon:15 true
     0 | D:1      | 0 ||| qw: Do second Lair branch before Depths: true
     0 | D:1      | 0 ||| qw: Lair rune preference: random
     0 | D:1      | 0 ||| qw: Goals: Normal
     0 | D:1      | 0 ||| PLANNING D:1-11
    27 | D:1      | Found a faded altar of an unknown god.
   214 | D:1      | Reached XP level 2. HP: 17/17 MP: 2/2
   382 | D:1      | 382 ||| UPGRADING to +0 ring mail.
   392 | D:1      | 392 ||| DROPPING +0 leather armour.
   393 | D:1      | 393 ||| READING 2 scrolls labelled WUQANUWOLE.
   394 | D:1      | 394 ||| READING 2 scrolls labelled NAELEBLAUS.
   395 | D:1      | 395 ||| DRINKING 2 glowing sapphire potions.
   396 | D:1      | 396 ||| DROPPING scroll of butterflies.
   413 | D:2      | 413 ||| Stepping ~*~*~tactically~*~*~ (retreating).
   416 | D:2      | 416 ||| RETREATING.
   418 | D:2      | 418 ||| Stepping ~*~*~tactically~*~*~ (retreating).
   426 | D:2      | 426 ||| Stepping ~*~*~tactically~*~*~ (retreating).
   427 | D:2      | 427 ||| Stepping ~*~*~tactically~*~*~ (retreating).
   432 | D:2      | Reached skill level 1 in Armour
   456 | D:2      | Reached XP level 3. HP: 16/21 MP: 3/3
   468 | D:2      | Noticed Robin
   483 | D:2      | HP: 5/21 [goblin/+0 club[Robin] (3)]
   484 | D:2      | 484 ||| DRINKING potion of heal wounds.
   488 | D:2      | Killed Robin
   489 | D:2      | Reached skill level 5 in Ranged Weapons
   492 | D:2      | HP: 5/21 [goblin/+0 club[Robin] (6)]
   492 | D:2      | HP: 1/21 [goblin/+0 club[Robin] (4)]
   813 | D:2      | Reached XP level 4. HP: 24/27 MP: 4/4
   813 | D:2      | 813 ||| FLEEEEING.
   841 | D:2      | 841 ||| RETREATING.
   844 | D:2      | Reached skill level 3 in Fighting
   845 | D:2      | 845 ||| Stepping ~*~*~tactically~*~*~ (retreating).
   846 | D:2      | 846 ||| Stepping ~*~*~tactically~*~*~ (retreating).
   847 | D:2      | 847 ||| Stepping ~*~*~tactically~*~*~ (retreating).
   848 | D:2      | 848 ||| Stepping ~*~*~tactically~*~*~ (retreating).
   855 | D:2      | HP: 7/28 [gnoll/+0 flail (4)]
   857 | D:2      | HP: 2/28 [gnoll/+0 flail (5)]
   857 | D:2      | Mangled by a gnoll

Levels and vault maps discovered:
D:1:      dpeg_arrival_line_fractal, layout_rooms,
          shapermc_ecumenical_altar_totnotflames
D:2:      layout_basic, uniq_robin

Skill      XL: |  1  2  3  4 |
---------------+-------------+-----
Armour         | 1 |  1.0
Ranged Weapons | 5 |  5.1
Fighting       | 3 |  3.0
Dodging        | |  1.5
Stealth        | |  1.1

Action                     |  1- 3 |  4- 6 || total
---------------------------+-------+-------++-------
   Fire: Shortbow          |   103 |    16 ||   119
    Use: Scroll            |     2 |       ||     2
         Potion            |     2 |       ||     2
 Armour: Ring mail         |    40 |     4 ||    44
  Dodge: Dodged            |    50 |    11 ||    61

Table legend:
 A = Non-vault XP
 B = Vault XP
 C = Vault XP percentage of total XP
 D = Non-vault monster count
 E = Vault monster count
 F = Vault count percentage of total count
                 A         B        C        D         E       F
            +---------+---------+-------+---------+---------+-------
      Total |      66 |      36 |  35.3 |      23 |      12 |  34.3
            +---------+---------+-------+---------+---------+-------
        D:1 |      14 |       0 |   0.0 |       9 |       0 |   0.0
        D:2 |      52 |      36 |  40.9 |      14 |      12 |  46.2
            +---------+---------+-------+---------+---------+-------
